General information
- name: BNet
- type: Ladder team game (AT/RT)
- host: Battle.net
- saver: KODOS_FORSAKEN
map: Highperch
- players: 6
- length: 54:21
- speed: Fast
- version: 1.21 W3XP
- replay type: Public
» download(291 KB)
Players
team 1 (loser)
Craft-Craft (
yellow | 23 APM | 1269 actions | 54:19)
3 Demon Hunter
2 Mana Burn
1 Evasion
» actions
| Assign group hotkey | 4 | |
| Build / train | 37 | |
| Enter build submenu | 15 | |
| Enter hero's abilities submenu | 3 | |
| Give item / drop item | 2 | |
| Right click | 905 | |
| Select / deselect | 245 | |
| Select group hotkey | 14 | |
| Use ability | 44 | |
1269 total
» units
» buildings
| Altar of Elders | 1 | |
| Moon Well | 1 | |
| Tree of Life | 11 | |
13 total
» build order
00:06 Altar of Elders
00:19 Moon Well
09:11 Tree of Life
09:51 Tree of Life
10:39 Tree of Life
10:47 Tree of Life
12:27 Tree of Life
13:16 Tree of Life
14:08 Tree of Life
15:37 Tree of Life
16:09 Tree of Life
16:46 Tree of Life
18:33 Tree of Life
» items
FirstRankComing (
blue | 67 APM | 3604 actions | 54:04)
5 Death Knight
3 Death Coil
2 Unholy Aura
3 Pit Lord
2 Rain of Fire
1 Cleaving Attack
4 Lich
2 Frost Nova
2 Frost Armor
» actions
| Assign group hotkey | 35 | |
| Basic commands | 320 | |
| Build / train | 85 | |
| ESC pressed | 4 | |
| Enter build submenu | 24 | |
| Enter hero's abilities submenu | 12 | |
| Give item / drop item | 4 | |
| Right click | 1026 | |
| Select / deselect | 776 | |
| Select group hotkey | 1139 | |
| Use ability | 179 | |
3604 total
» units
| Acolyte | 5 | |
| Crypt Fiend | 11 | |
| Frost Wyrm | 6 | |
22 total
» upgrades
| Burrow | 1 | |
| Web | 1 | |
| Creature Attack | 3 | |
| Creature Carapace | 3 | |
| Freezing Breath | 1 | |
| Backpack | 1 | |
10 total
» buildings
| Crypt | 2 | |
| Graveyard | 1 | |
| Altar of Darkness | 1 | |
| Ziggurat | 13 | |
| Tomb of Relics | 1 | |
| Nerubian Tower | 1 | |
| Halls of the Dead | 5 | |
| Black Citadel | 2 | |
| Sacrificial Pit | 1 | |
| Boneyard | 5 | |
| Spirit Tower | 3 | |
35 total
» build order
00:06 Crypt
00:09 Graveyard
00:14 Altar of Darkness
00:34 Ziggurat
00:53 Crypt
01:01 Tomb of Relics
01:13 Ziggurat
01:50 Ziggurat
02:17 Nerubian Tower
02:39 Halls of the Dead
02:39 Halls of the Dead
02:39 Halls of the Dead
03:06 Ziggurat
05:00 Black Citadel
05:21 Sacrificial Pit
05:22 Ziggurat
05:23 Ziggurat
05:23 Ziggurat
06:02 Ziggurat
06:04 Ziggurat
07:51 Boneyard
08:19 Boneyard
08:22 Boneyard
08:25 Boneyard
08:30 Boneyard
12:57 Ziggurat
12:58 Ziggurat
14:25 Ziggurat
16:46 Ziggurat
20:41 Spirit Tower
20:41 Spirit Tower
20:41 Spirit Tower
» items
| Rod of Necromancy | 1 | |
| Dust of Appearance | 3 | |
| Orb of Corruption | 1 | |
| Scroll of Healing | 1 | |
| Scroll of Town Portal | 9 | |
| Potion of Healing | 1 | |
16 total
RT.GoD (
red | 41 APM | 1579 actions | 38:04)
3 Demon Hunter
2 Mana Burn
1 Evasion
» actions
| Assign group hotkey | 6 | |
| Basic commands | 10 | |
| Build / train | 43 | |
| Enter build submenu | 15 | |
| Enter hero's abilities submenu | 3 | |
| Remove unit from queue | 1 | |
| Right click | 1124 | |
| Select / deselect | 308 | |
| Select group hotkey | 12 | |
| Use ability | 57 | |
1579 total
» units
» upgrades
» buildings
| Altar of Elders | 1 | |
| Moon Well | 5 | |
| Ancient of War | 2 | |
| Hunter's Hall | 1 | |
| Ancient Protector | 4 | |
| Tree of Life | 1 | |
14 total
» build order
00:10 Altar of Elders
00:21 Moon Well
01:21 Ancient of War
01:40 Hunter's Hall
01:59 Moon Well
02:18 Ancient of War
02:38 Moon Well
03:24 Ancient Protector
06:09 Moon Well
09:19 Moon Well
09:53 Ancient Protector
10:00 Ancient Protector
12:19 Ancient Protector
23:24 Tree of Life
» items
| Scroll of Healing | 1 | |
| Scroll of Protection | 1 | |
| Staff of Teleportation | 1 | |
3 total
team 2 (winner)
coupon (
green | 57 APM | 3117 actions | 54:19)
5 Pandaren Brewmaster
3 Breath of Fire
2 Drunken Haze
» actions
| Assign group hotkey | 14 | |
| Basic commands | 33 | |
| Build / train | 111 | |
| Enter build submenu | 61 | |
| Enter hero's abilities submenu | 5 | |
| Give item / drop item | 4 | |
| Remove unit from queue | 5 | |
| Right click | 1447 | |
| Select / deselect | 365 | |
| Select group hotkey | 936 | |
| Use ability | 136 | |
3117 total
» units
| Peasant | 24 | |
| Flying Machine | 19 | |
| Siege Engine | 4 | |
47 total
» upgrades
| Masonry | 3 | |
| Flying Machine Bombs | 1 | |
| Flak Cannons | 1 | |
| Gunpowder | 3 | |
| Plating | 2 | |
10 total
» buildings
| Lumber Mill | 1 | |
| Altar of Kings | 1 | |
| Farm | 10 | |
| Scout Tower | 46 | |
| Arcane Tower | 6 | |
| Guard Tower | 24 | |
| Arcane Vault | 1 | |
| Keep | 1 | |
| Blacksmith | 1 | |
| Castle | 1 | |
| Workshop | 6 | |
| Town Hall | 4 | |
102 total
» build order
00:30 Lumber Mill
01:03 Altar of Kings
01:09 Farm
01:13 Farm
01:49 Scout Tower
01:58 Farm
02:06 Scout Tower
02:25 Arcane Tower
02:35 Guard Tower
03:07 Scout Tower
03:08 Scout Tower
03:08 Scout Tower
03:09 Scout Tower
03:15 Scout Tower
03:16 Scout Tower
03:17 Scout Tower
03:23 Scout Tower
03:23 Scout Tower
03:43 Guard Tower
04:10 Guard Tower
04:20 Guard Tower
04:29 Guard Tower
04:31 Guard Tower
04:48 Arcane Vault
04:52 Scout Tower
05:12 Keep
05:24 Guard Tower
05:31 Scout Tower
05:39 Blacksmith
06:11 Guard Tower
07:00 Scout Tower
07:01 Scout Tower
08:11 Castle
08:14 Workshop
08:16 Workshop
08:38 Arcane Tower
08:52 Workshop
09:03 Scout Tower
09:05 Scout Tower
09:08 Scout Tower
09:09 Scout Tower
09:42 Farm
09:43 Farm
09:47 Farm
09:57 Arcane Tower
09:59 Guard Tower
10:01 Guard Tower
10:05 Guard Tower
10:21 Scout Tower
10:22 Scout Tower
10:22 Scout Tower
10:25 Scout Tower
10:57 Arcane Tower
10:58 Guard Tower
10:59 Guard Tower
15:25 Farm
15:25 Farm
15:28 Farm
15:29 Farm
32:02 Town Hall
44:07 Town Hall
47:15 Scout Tower
47:30 Scout Tower
47:44 Scout Tower
47:47 Scout Tower
47:52 Arcane Tower
47:56 Guard Tower
48:14 Scout Tower
48:15 Scout Tower
48:27 Town Hall
48:51 Guard Tower
48:52 Guard Tower
49:05 Guard Tower
49:21 Scout Tower
49:22 Scout Tower
49:23 Scout Tower
49:24 Scout Tower
49:26 Scout Tower
49:28 Scout Tower
49:54 Arcane Tower
49:58 Guard Tower
50:33 Guard Tower
50:37 Workshop
50:42 Workshop
50:47 Workshop
50:50 Guard Tower
50:52 Guard Tower
51:42 Scout Tower
51:43 Scout Tower
51:44 Scout Tower
51:45 Scout Tower
51:47 Scout Tower
51:47 Scout Tower
52:20 Guard Tower
52:30 Guard Tower
52:44 Guard Tower
53:19 Guard Tower
53:24 Town Hall
53:55 Scout Tower
53:56 Scout Tower
54:02 Scout Tower
54:04 Scout Tower
54:05 Scout Tower
» items
| Scroll of Regeneration | 3 | |
| Lesser Clarity Potion | 3 | |
| Mechanical Critter | 2 | |
| Scroll of Town Portal | 2 | |
10 total

»
FFA_EIGHT (
teal | 72 APM | 3891 actions | 54:19)
6 Death Knight
3 Death Coil
3 Unholy Aura
» actions
| Assign group hotkey | 166 | |
| Basic commands | 29 | |
| Build / train | 46 | |
| Enter build submenu | 17 | |
| Enter hero's abilities submenu | 7 | |
| Give item / drop item | 4 | |
| Right click | 1705 | |
| Select / deselect | 377 | |
| Select group hotkey | 1396 | |
| Use ability | 144 | |
3891 total
» units
» upgrades
» buildings
| Crypt | 2 | |
| Ziggurat | 8 | |
| Altar of Darkness | 1 | |
| Graveyard | 1 | |
| Nerubian Tower | 3 | |
| Spirit Tower | 4 | |
| Halls of the Dead | 1 | |
| Tomb of Relics | 1 | |
| Sacrificial Pit | 1 | |
22 total
» build order
00:16 Crypt
00:18 Ziggurat
00:48 Altar of Darkness
01:08 Graveyard
01:56 Nerubian Tower
02:07 Ziggurat
03:03 Spirit Tower
03:04 Ziggurat
03:31 Halls of the Dead
04:26 Ziggurat
04:29 Ziggurat
04:36 Tomb of Relics
05:17 Crypt
05:23 Spirit Tower
05:54 Sacrificial Pit
06:44 Spirit Tower
08:38 Ziggurat
08:39 Ziggurat
08:41 Ziggurat
09:55 Spirit Tower
11:28 Nerubian Tower
» items
| Staff of Teleportation | 2 | |
| Boots of Speed | 1 | |
| Scroll of Healing | 1 | |
| Lesser Clarity Potion | 2 | |
| Scroll of Regeneration | 1 | |
| Scroll of Town Portal | 1 | |
8 total
KODOS_FORSAKEN (
pink | 78 APM | 4249 actions | 54:21)
7 Blademaster
3 Wind Walk
3 Critical Strike
1 Bladestorm
» actions
| Assign group hotkey | 440 | |
| Basic commands | 4 | |
| Build / train | 56 | |
| Enter build submenu | 24 | |
| Enter hero's abilities submenu | 7 | |
| Give item / drop item | 3 | |
| Right click | 2139 | |
| Select / deselect | 604 | |
| Select group hotkey | 753 | |
| Use ability | 219 | |
4249 total
» units
» upgrades
| Ranged Weapons | 1 | |
| Reinforced Defenses | 1 | |
| Liquid Fire | 1 | |
3 total
» buildings
| Altar of Storms | 1 | |
| Orc Burrow | 4 | |
| War Mill | 1 | |
| Watch Tower | 12 | |
| Stronghold | 1 | |
| Beastiary | 2 | |
| Fortress | 1 | |
| Voodoo Lounge | 2 | |
24 total
» build order
00:09 Altar of Storms
00:21 Orc Burrow
00:46 War Mill
02:02 Watch Tower
02:10 Watch Tower
02:25 Watch Tower
02:56 Watch Tower
03:05 Watch Tower
03:28 Watch Tower
04:16 Stronghold
04:25 Orc Burrow
05:03 Orc Burrow
06:07 Watch Tower
06:59 Beastiary
07:01 Beastiary
07:03 Watch Tower
07:50 Fortress
07:52 Voodoo Lounge
11:36 Orc Burrow
13:33 Watch Tower
16:01 Voodoo Lounge
16:03 Watch Tower
16:04 Watch Tower
16:45 Watch Tower
» items
| Boots of Speed | 1 | |
| Staff of Teleportation | 1 | |
| Scroll of Regeneration | 1 | |
| Potion of Healing | 1 | |
| Healing Salve | 3 | |
| Lesser Clarity Potion | 5 | |
| Scroll of Town Portal | 2 | |
| Potion of Mana | 1 | |
| Circlet of Nobility | 1 | |
| Potion of Lesser Invulnerability | 1 | |
17 total
Chat log
(00:03 / Allies) FFA_EIGHT: god damnit
(00:05 / Allies) KODOS_FORSAKEN: wow
(00:08 / Allies) FFA_EIGHT: lets leave
(00:10 / Allies) KODOS_FORSAKEN: no
(00:14 / Allies) KODOS_FORSAKEN: tower halls
(00:24 / Allies) KODOS_FORSAKEN: they won last time
(00:28 / Allies) KODOS_FORSAKEN: cause of fiend feed
(00:34 / Allies) FFA_EIGHT: don't
(00:37 / Allies) FFA_EIGHT: tower middle
(00:39 / Allies) KODOS_FORSAKEN: dojnt
(00:40 / Allies) FFA_EIGHT: they will just garg feed
(00:53 / Allies) FFA_EIGHT: put up a few arcanes too
(00:56 / Allies) FFA_EIGHT: for nigger pandas
(01:05 / Allies) KODOS_FORSAKEN: just mass gryos
(01:09 / Allies) KODOS_FORSAKEN: morts wont work
(01:25 / Allies) KODOS_FORSAKEN: lol
(01:27 / All) FFA_EIGHT: ROFL
(01:29 / All) KODOS_FORSAKEN: look at the hacker scout
(01:35 / All) RT.GoD: ??
(01:38 / All) FirstRankComing: we dont hack newbs
(01:40 / All) FirstRankComing: lol
(01:42 / All) KODOS_FORSAKEN: YA OK
(01:43 / All) coupon: rofl
(01:44 / All) FirstRankComing: lol
(01:49 / All) FFA_EIGHT: you've already admitted it numerous times faggot
(01:54 / All) RT.GoD: LOL
(01:59 / All) FirstRankComing: me?
(02:02 / All) FFA_EIGHT: christ bnet pubbies
(02:04 / All) FFA_EIGHT: just amazing
(02:11 / All) FirstRankComing: how is famous hack is kodos not me
(02:19 / All) KODOS_FORSAKEN: what
(02:20 / All) FFA_EIGHT: k
(02:25 / All) FFA_EIGHT: keep telling yourself that
(02:39 / Allies) FFA_EIGHT: contorl
(02:42 / Allies) FFA_EIGHT: go to tavern
(02:44 / Allies) FFA_EIGHT: see if it's panda
(02:59 / Allies) FFA_EIGHT: of course not because we weren't towering!
(03:17 / Allies) KODOS_FORSAKEN: fuck are they doing
(03:22 / Allies) FFA_EIGHT: normal shit looks like
(03:37 / Allies) FFA_EIGHT: time for gargs i guess
(03:42 / Allies) KODOS_FORSAKEN: 1 feeder
(03:47 / All) FirstRankComing: guys
(03:53 / All) FirstRankComing: why all time play towers?
(03:56 / All) KODOS_FORSAKEN: ne ne ud
(04:01 / All) FirstRankComing: what fun have?
(04:13 / All) coupon: what towers
(04:14 / All) FFA_EIGHT: you mean those towers you can't see?
(04:33 / All) KODOS_FORSAKEN: you pick ne ne ud every game
(04:35 / All) KODOS_FORSAKEN: and hack
(04:39 / All) FirstRankComing: lol
(04:39 / All) KODOS_FORSAKEN: you stupid mexican
(04:41 / All) FirstRankComing: elf elf ud yes
(04:44 / All) FirstRankComing: hack not
(04:45 / All) KODOS_FORSAKEN: WHAT FUN
(05:24 / Allies) KODOS_FORSAKEN: still makes hunts
(05:56 / Allies) FFA_EIGHT: gold me
(06:27 / Allies) KODOS_FORSAKEN: yellow added me
(06:29 / Allies) KODOS_FORSAKEN: to his f list
(06:36 / Allies) FFA_EIGHT: lucky you
(06:42 / Allies) KODOS_FORSAKEN: checking when we search
(07:09 / All) FirstRankComing: gg leave plz
(07:12 / Allies) FFA_EIGHT: gold
(07:13 / Allies) FFA_EIGHT: now
(07:40 / Allies) KODOS_FORSAKEN: come guys
(08:31 / Allies) KODOS_FORSAKEN: nor
(08:32 / Allies) KODOS_FORSAKEN: tower him
(09:54 / Allies) coupon: gold
(10:33 / All) FirstRankComing: why need tower to win game?
(10:34 / Allies) KODOS_FORSAKEN: brt
(11:20 / All) coupon: hey red you might not want to click my panda when you cant see it
(11:27 / All) RT.GoD: LOL ur dumb
(11:32 / All) coupon: makes u look pretty fucking dumb
(11:36 / All) RT.GoD: HAHA
(11:40 / All) RT.GoD: watch rep if u think i hack
(11:42 / All) RT.GoD: now stfu
(11:47 / All) KODOS_FORSAKEN: you do hack
(11:48 / All) FirstRankComing: lol
(11:49 / Allies) FFA_EIGHT: im fucked
(11:51 / All) RT.GoD: HAHA
(11:54 / All) RT.GoD: i hack??
(11:55 / All) RT.GoD: Lawl
(11:57 / All) coupon: i know with 100% certainty that you could not see my panda
(12:04 / All) RT.GoD: LOL watch replay bro
(12:05 / All) RT.GoD: doit
(12:07 / All) RT.GoD: if ur 100%
(12:08 / All) RT.GoD: do it
(12:09 / All) RT.GoD: do it
(12:18 / All) coupon: there was a shade with my panda
(12:21 / All) coupon: and a shade following you
(12:24 / All) RT.GoD: dude
(12:27 / All) RT.GoD: i was checking expo
(12:29 / All) RT.GoD: i see ur panda
(12:32 / All) coupon: no
(12:33 / All) RT.GoD: i run towards it..
(12:33 / All) coupon: you didnt
(12:38 / All) coupon: you were far far out of range
(12:38 / All) RT.GoD: like i said watch rep
(12:47 / All) RT.GoD: watching rep before u call me a hacker bro
(12:51 / Allies) coupon: you are a hacker
(12:54 / All) coupon: you are a hacker
(13:14 / Allies) FFA_EIGHT: dh incoming kodos
(13:16 / Allies) FFA_EIGHT: tp
(13:31 / All) FirstRankComing: nice lose 1
(13:33 / All) FirstRankComing: 3x2 now
(13:43 / All) FFA_EIGHT: hey
(13:45 / All) FFA_EIGHT: you're a hacker
(13:48 / All) FirstRankComing: not me
(13:48 / All) RT.GoD: im sick of kids that see recs like 45-1 and say hacks..
(13:50 / All) coupon: the shit for brains hacker talking shit again
(13:56 / All) FFA_EIGHT: we didn't look at your record
(13:57 / All) KODOS_FORSAKEN: no you hack idiot
(13:58 / All) FFA_EIGHT: you have told us
(14:02 / All) FFA_EIGHT: like three times now that you hack
(14:02 / All) RT.GoD: LOL
(14:17 / All) FFA_EIGHT: and honestly being 16 doesn't mean you start calling people kids
(14:23 / All) RT.GoD: LOL
(14:25 / All) RT.GoD: good one
(14:33 / Allies) FFA_EIGHT: need more gyros
(16:59 / Allies) KODOS_FORSAKEN: gyro him
(17:09 / Allies) coupon: need more
(17:27 / Allies) KODOS_FORSAKEN: ...
(17:36 / All) FFA_EIGHT: i liked the part where he randomly dusted my shade
(17:47 / All) FirstRankComing: u always know here i was
(17:52 / All) RT.GoD: either u hack
(17:53 / All) FFA_EIGHT: you hack.
(17:54 / All) RT.GoD: or u have a shade
(17:57 / All) RT.GoD: ..
(17:58 / All) FFA_EIGHT: k
(17:59 / All) coupon: lol
(18:15 / All) coupon: or you hack
(18:19 / All) coupon: which is why you dont bother making shades
(18:21 / All) FFA_EIGHT: like you've already admitted
(18:30 / All) RT.GoD: lol ive admitted i hack??
(18:59 / Allies) FFA_EIGHT: kodos
(18:59 / Allies) coupon: kodos tank reds base
(19:13 / Allies) KODOS_FORSAKEN: go
(19:19 / All) FFA_EIGHT: Rofl
(19:29 / All) coupon: tping before i attacked
(19:30 / All) coupon: well done
(19:36 / All) FFA_EIGHT: shades over the trees nub
(19:43 / Allies) KODOS_FORSAKEN: try n tower
(19:58 / Allies) FFA_EIGHT: dh
(20:23 / All) FFA_EIGHT: more random shades
(20:26 / All) FFA_EIGHT: GONNA DUST NOW
(20:32 / All) Craft-Craft: BM WAS THERE GOD DAMN
(20:38 / All) FFA_EIGHT: k man
(21:31 / Allies) FFA_EIGHT: 100
(21:44 / All) coupon: you are such hacking retards
(22:11 / All) coupon: blues timing is amazing
(22:25 / Allies) FFA_EIGHT: going to kodos
(22:26 / Allies) FFA_EIGHT: bring gyros back
(23:44 / Allies) KODOS_FORSAKEN: lets get arcers
(24:30 / Allies) KODOS_FORSAKEN: ejsus
(24:34 / Allies) KODOS_FORSAKEN: nigger fiends
(24:58 / Allies) KODOS_FORSAKEN: check
(25:42 / All) coupon: lol
(25:50 / All) coupon: getting pretty desprate huh guys
(25:57 / Allies) KODOS_FORSAKEN: b
(26:36 / All) FFA_EIGHT: Fucking trash can only get kills with autocast web doing everything for him
(26:45 / All) FFA_EIGHT: and with hacks of course
(26:47 / All) FFA_EIGHT: RUN TO THE NUBELF
(26:53 / All) FFA_EIGHT: YOUR SHADES ON THAT CLIFF SAY WE ARE COMING
(27:07 / All) coupon: you can disc hack us now
(27:19 / All) KODOS_FORSAKEN: but they dont hack
(27:23 / All) KODOS_FORSAKEN: remember
(27:28 / Allies) FFA_EIGHT: gogo
(27:31 / All) RT.GoD: if u saw fgl
(27:34 / All) RT.GoD: u would know
(27:36 / Allies) KODOS_FORSAKEN: kill all buildings!
(27:43 / All) FFA_EIGHT: noone knows who you are faggot
(27:46 / All) FFA_EIGHT: just some loser who hacks
(27:50 / All) RT.GoD: than stop saying we hack
(27:54 / All) FFA_EIGHT: what
(28:05 / Allies) KODOS_FORSAKEN: wait for
(28:06 / Allies) KODOS_FORSAKEN: bs
(28:34 / Allies) KODOS_FORSAKEN: leme use ring
(28:51 / Allies) FFA_EIGHT: could use panda down here
(29:03 / Allies) KODOS_FORSAKEN: ill bs that clump
(29:19 / Allies) KODOS_FORSAKEN: gogog
(29:25 / Allies) KODOS_FORSAKEN: wtf
(29:25 / Allies) KODOS_FORSAKEN: fuck
(29:26 / Allies) KODOS_FORSAKEN: cooldown
(29:33 / Allies) FFA_EIGHT: hall
(30:07 / Allies) FFA_EIGHT: out
(30:23 / Allies) KODOS_FORSAKEN: creep
(30:25 / Allies) KODOS_FORSAKEN: for gold items
(30:34 / Allies) KODOS_FORSAKEN: burrow
(31:11 / Allies) FFA_EIGHT: giving you boots and tp stick
(31:22 / Allies) KODOS_FORSAKEN: well they cant kill us
(31:33 / Allies) coupon: gold
(32:06 / Allies) KODOS_FORSAKEN: im dusted
(32:30 / Allies) coupon: red is coming to my expo
(33:14 / Allies) KODOS_FORSAKEN: wowowowow
(33:23 / Allies) FFA_EIGHT: no more dhs
(33:30 / Allies) KODOS_FORSAKEN: almost died
(33:32 / Allies) FFA_EIGHT: cancel
(33:41 / All) coupon: "we dont hack"
(33:41 / Allies) KODOS_FORSAKEN: get b
(33:47 / All) FirstRankComing: can u leave?
(33:55 / All) KODOS_FORSAKEN: why you cant kill us
(33:57 / All) coupon: no ur going to have to disc hack us
(34:07 / All) FirstRankComing: we dont have tie hack lol
(34:09 / All) FirstRankComing: ahaeh
(34:13 / All) KODOS_FORSAKEN: jajajaaj
(34:13 / All) FFA_EIGHT: "k"
(34:18 / Allies) FFA_EIGHT: he has no tp
(34:19 / All) FirstRankComing: u go see
(34:20 / Allies) FFA_EIGHT: come down here
(34:24 / Allies) KODOS_FORSAKEN: im low hp
(34:41 / Allies) KODOS_FORSAKEN: going to have to wait
(34:45 / Allies) KODOS_FORSAKEN: until i got like 300 mana
(34:46 / Allies) KODOS_FORSAKEN: for bs
(35:49 / Allies) KODOS_FORSAKEN: use unholy
(35:52 / Allies) KODOS_FORSAKEN: not
(35:53 / Allies) KODOS_FORSAKEN: nor
(36:22 / Allies) FFA_EIGHT: gay
(36:25 / Allies) coupon: they are expoing
(36:41 / Allies) KODOS_FORSAKEN: gold nor for tp
(36:44 / Allies) coupon: we lose if that gets up
(37:08 / Allies) FFA_EIGHT: storm nigger fiends
(37:17 / Allies) FFA_EIGHT: rofl
(37:27 / Allies) KODOS_FORSAKEN: sahde
(37:36 / Allies) FFA_EIGHT: no
(37:43 / Allies) FFA_EIGHT: well
(37:45 / Allies) FFA_EIGHT: maybe
(37:46 / Allies) FFA_EIGHT: rape dk
(37:48 / Allies) FFA_EIGHT: focus gyros too
(37:51 / Allies) KODOS_FORSAKEN: k gogog
(37:55 / Allies) KODOS_FORSAKEN: go nor
(38:23 / Allies) FFA_EIGHT: fiend
(38:49 / All) FFA_EIGHT: trash always gets lucky
(38:57 / All) FirstRankComing: ye
(38:59 / All) FirstRankComing: lol
(38:59 / Allies) coupon: where did the acos go
(39:00 / All) KODOS_FORSAKEN: leave you cant win
(39:03 / Allies) FFA_EIGHT: died
(39:03 / All) KODOS_FORSAKEN: you cant kill us
(39:13 / All) FirstRankComing: no u go wasty all u time
(39:37 / Allies) FFA_EIGHT: storm fiends
(39:53 / All) FirstRankComing: lol
(39:57 / All) FirstRankComing: mh open?
(40:01 / All) FFA_EIGHT: YEAH
(40:03 / All) KODOS_FORSAKEN: you mean they were there
(40:04 / All) FirstRankComing: lol
(40:05 / All) KODOS_FORSAKEN: GYROS?
(40:22 / All) KODOS_FORSAKEN: 1 bs at a time
(40:28 / All) KODOS_FORSAKEN: your nigger base will die
(40:40 / Allies) KODOS_FORSAKEN: we need you lvl 6
(40:44 / Allies) KODOS_FORSAKEN: for aura
(40:45 / Allies) FFA_EIGHT: keep killing nigger fiends
(40:45 / All) FirstRankComing: good mher
(40:48 / All) FirstRankComing: noob
(41:10 / All) FFA_EIGHT: oh boy autocast web gives the nigger another unearned kill
(41:16 / Allies) FFA_EIGHT: creep that nor
(41:26 / All) FirstRankComing: u runing 2 tower?
(41:32 / All) KODOS_FORSAKEN: what
(41:39 / All) KODOS_FORSAKEN: you stupid mexican
(42:18 / Allies) FFA_EIGHT: help him creep it
(42:33 / Allies) FFA_EIGHT: back
(42:40 / Allies) KODOS_FORSAKEN: get 5
(43:01 / Allies) KODOS_FORSAKEN: coil a wsip
(43:05 / Allies) KODOS_FORSAKEN: get 6
(43:28 / Allies) coupon: come get 2nd boots
(43:29 / Allies) KODOS_FORSAKEN: sell boots
(43:31 / Allies) FFA_EIGHT: sel shit
(43:32 / Allies) FFA_EIGHT: build hall
(43:33 / Allies) KODOS_FORSAKEN: and expo
(43:45 / Allies) FFA_EIGHT: tp stick back
(44:11 / Allies) FFA_EIGHT: get ready for storm when the nigger tries to kill the expansion
(44:17 / Allies) FFA_EIGHT: rofl
(44:23 / Allies) FFA_EIGHT: idiot is strying to fire them
(44:31 / Allies) KODOS_FORSAKEN: lol
(44:37 / All) KODOS_FORSAKEN: silly mher
(44:51 / Allies) KODOS_FORSAKEN: niggers got dust
(46:01 / Allies) KODOS_FORSAKEN: lol hes waiting
(46:03 / Allies) KODOS_FORSAKEN: for my to run in
(46:04 / Allies) KODOS_FORSAKEN: faggot
(46:06 / Allies) KODOS_FORSAKEN: me
(46:41 / All) KODOS_FORSAKEN: why did you frost your dk?
(46:58 / All) FirstRankComing: waty times
(47:04 / All) FFA_EIGHT: waty times
(47:05 / All) KODOS_FORSAKEN: what mexican
(47:07 / Allies) FFA_EIGHT: - hacking nigger
(47:16 / All) FirstRankComing: wasty times
(47:17 / Allies) FFA_EIGHT: just make some tanks
(47:43 / All) KODOS_FORSAKEN: yellow bitch feeder you there?
(48:02 / All) FFA_EIGHT: yellow's that guy who "abuses solo"
(48:26 / All) FirstRankComing: why u guys play towers?
(48:38 / All) KODOS_FORSAKEN: WHY YOU PICK NE NE UD?
(48:41 / All) KODOS_FORSAKEN: AND FEED AND HACK?
(48:42 / All) FFA_EIGHT: and hack
(48:43 / All) FirstRankComing: normal
(48:46 / All) FirstRankComing: no hack
(48:50 / All) FFA_EIGHT: so if everyone towered
(48:51 / All) FFA_EIGHT: it would be ok
(48:53 / All) FFA_EIGHT: because it's normal
(48:54 / All) FirstRankComing: u cant stop feed playing normal?
(48:58 / All) FFA_EIGHT: i understand now
(49:02 / All) KODOS_FORSAKEN: hackers who feed
(49:07 / All) KODOS_FORSAKEN: for the most imbalnced team unit?
(49:33 / All) FirstRankComing: we lose because we dont hack = us
(49:38 / All) FFA_EIGHT: k
(50:03 / All) KODOS_FORSAKEN: you have no chance in winning without ne ne ud
(50:09 / All) KODOS_FORSAKEN: and your nigger hacks
(51:56 / Allies) KODOS_FORSAKEN: lol
(52:00 / Allies) KODOS_FORSAKEN: a slow painfull death
(52:01 / Allies) KODOS_FORSAKEN: for him
(52:24 / Allies) KODOS_FORSAKEN: let me get 200 gold
(53:27 / Allies) FFA_EIGHT: gyro it
(53:58 / All) FFA_EIGHT: dumb clown hacker